 Dungeon Crawl Stone Soup version 0.14-a0-788-g14b720c (webtiles) character file.

128 Impy the Cudgeler (level 4, -3/35 HPs)
             Began as a Demonspawn Gladiator on Nov 11, 2013.
             Was an Initiate of Okawaru.
             Slain by an orc wizard
             ... wielding a -1,+0 orcish flail
              (7 damage)
             ... on Level 3 of the Dungeon.
             The game lasted 00:04:11 (1525 turns).

Impy the Cudgeler (Demonspawn Gladiator)            Turns: 1525, Time: 00:04:11

HP  -3/35        AC  4     Str 15      XL: 4   Next: 16%
MP   3/3         EV 12     Int 11      God: Okawaru [......]
Gold 49          SH  0     Dex 13      Spells:  0 memorised,  3 levels left

Res.Fire  : + . .   See Invis. : .   a - +0 mace (curse)
Res.Cold  : . . .   Warding    : .   b - +1 leather armour (curse)
Life Prot.: . . .   Conserve   : .   (no shield)
Res.Poison: .       Res.Corr.  : .   (helmet restricted)
Res.Elec. : .       Clarity    : .   (no cloak)
Sust.Abil.: . .     Spirit.Shd : .   (no gloves)
Res.Mut.  : .       Stasis     : .   (no boots)
Res.Rott. : .       Flight     : .   (no amulet)
Saprovore : . . .                    (no ring)
                                     e - ring of protection from fire

@: very slightly contaminated, hasted, very quick, slightly resistant to hostile
enchantments, very unstealthy
A: horns 1, powered by pain 2
a: Renounce Religion


You were on level 3 of the Dungeon.
You worshipped Okawaru.
Okawaru was noncommittal.
You were not hungry.

You visited 1 branch of the dungeon, and saw 3 of its levels.

You collected 49 gold pieces.

Inventory:

Hand weapons
 a - a cursed +0,+0 mace (weapon)
Missiles
 d - a throwing net [frayed] (quivered)
 n - 2 throwing nets [frayed]
Armour
 b - a cursed +1 leather armour (worn)
Magical devices
 p - a wand of slowing (9)
Comestibles
 c - an orange
 f - 2 bread rations
 i - an apple
Scrolls
 g - a scroll of amnesia
 j - a scroll of enchant armour
 m - a scroll of recharging {unknown}
Jewellery
 e - a ring of protection from fire (left hand)
Potions
 h - 3 potions of curing
 q - a potion of berserk rage {unknown}


   Skills:
 + Level 3.0 Fighting
 + Level 3.5 Maces & Flails
 - Level 1.7 Throwing
 + Level 3.3 Dodging


You had 3 spell levels left.
You didn't know any spells.

Dungeon Overview and Level Annotations

Branches:
Dungeon (3/27)

Altars:
Elyvilon
Okawaru
Zin
the Shining One


Innate Abilities, Weirdness & Mutations

You have a pair of small horns on your head.
You sometimes gain power by taking damage.


Message History

You headbutt the orc priest, but do no damage.
The orc priest is lightly wounded.
The orc wizard gestures at you while chanting.
The magic dart hits you!
* * * LOW HITPOINT WARNING * * *
Drink which item? (? for menu, Esc to quit)
You feel better.
The orc priest hits you with an orcish club.
The orc wizard closely misses you.
You closely miss the orc priest.
The orc priest is lightly wounded.
The orc wizard points at you and mumbles some strange words.
The magic dart hits you!
* * * LOW HITPOINT WARNING * * *
You closely miss the orc priest. You headbutt the orc priest.
The orc priest is moderately wounded.
The orc priest hits you with an orcish club.
* * * LOW HITPOINT WARNING * * *
The orc wizard hits you with an orcish flail!
You die...

......##..#
.......##..#
........##..#
........##..#
.%......##..#
.....[.......# .
#.....# ....
#..#oo# ...#
#..#@.# ...# .
#..#..#
...##..#...##..#..#
...##..#...##..#..#
...##.<#...##..#..#
...##..#...##..#..#
...##..#...##..#..#
...##..#...##..#..#
...##..#.......#..#


You could see an orc priest and an orc wizard.

Vanquished Creatures
  4 adders
  2 orcs (D:3)
  6 bats
  3 goblins
  6 hobgoblins
  A jackal (D:1)
  An ooze (D:1)
  7 giant cockroaches
  A giant gecko (D:2)
  2 giant newts
  2 kobolds (D:1)
  6 rats
41 creatures vanquished.

Notes
Turn   | Place    | Note
--------------------------------------------------------------
     0 | D:1      | Impy, the Demonspawn Gladiator, began the quest for the Orb.
     0 | D:1      | Reached XP level 1. HP: 17/17 MP: 0/0
   265 | D:1      | Gained mutation: You have a pair of small horns on your head. [demonic ancestry]
   265 | D:1      | Reached XP level 2. HP: 17/23 MP: 1/1
   611 | D:1      | Reached skill level 3 in Maces & Flails
   993 | D:2      | Gained mutation: You sometimes gain a little power by taking damage. [demonic ancestry]
   993 | D:2      | Reached XP level 3. HP: 23/28 MP: 2/2
  1240 | D:2      | Found an iron altar of Okawaru.
  1248 | D:2      | Became a worshipper of Warmaster Okawaru
  1417 | D:2      | Found a glowing golden altar of the Shining One.
  1417 | D:2      | Found a glowing silver altar of Zin.
  1417 | D:2      | Found a white marble altar of Elyvilon.
  1443 | D:3      | Gained mutation: You sometimes gain power by taking damage. [demonic ancestry]
  1443 | D:3      | Reached XP level 4. HP: 35/35 MP: 3/3
  1525 | D:3      | Slain by an orc wizard

Action                   |  1- 3 |  4- 6 || total
-------------------------+-------+-------++-------
Melee: Mace              |   122 |    19 ||   141
Throw: Throwing net      |     4 |       ||     4
Evoke: Wand              |     1 |       ||     1
  Use: Scroll            |     9 |       ||     9
       Potion            |       |     3 ||     3
 Stab: Sleeping          |     1 |       ||     1
